[Event "Team 45 45 League T27"]
[Site "Internet Chess Club"]
[Date "2005.07.10"]
[Round "4"]
[White "bobhill"]
[Black "AMAV"]
[Result "1-0"]
[WhiteElo "2028"]
[BlackElo "2055"]
[TimeControl "2700+45"]

1. d4 Nf6 2. Nf3 d5 3. Bg5 Ne4 4. Bf4 c5 5. e3 Qb6 6. Nbd2 Nxd2 7. Nxd2 cxd4 8.
exd4 Qxd4 9. Bxb8 Rxb8 10. c3 Qf4 11. Bb5+ Kd8 12. O-O e6 13. g3 Qc7 14. Re1 Bd7
15. Bf1 Qb6 16. b4 Rc8 17. Qf3 f6 18. a3 Kc7 19. c4 Kb8 20. cxd5 exd5 21. Qxd5
Bc6 22. Qf7 Rc7 23. Qh5 Qd4 24. Rad1 Qd5 25. Qxd5 Bxd5 26. Ne4 Bb3 27. Rd3 Ba4
28. Nc3 Bc6 29. Bh3 a6 30. Nd5 Bxd5 31. Re8+ Ka7 32. Rxd5 Re7 33. Rc8 f5 34.
Rdd8 Rf7 35. a4 Kb6 36. Ra8 h5 37. Bf1 a5 38. bxa5+ Kc5 39. a6 bxa6 40. Bxa6 f4
41. Bf1 fxg3 42. fxg3 Kb4 43. Kg2 h4 44. gxh4 Bc5 45. Rxh8 Rf2+ 46. Kh3 Rxf1 47.
a5 Bd6 48. a6 Ka5 49. a7 Ka6 50. Rad8 Kxa7 51. Rxd6 Rg1 52. Rg8 Kb7 53. h5 Kc7
54. Rg6 Rh1 55. R8xg7+ Kd8 56. Rh7 {Black resigns} 1-0

[Event "Team 45 45 League T27"]
[Site "Internet Chess Club"]
[Date "2005.07.14"]
[Round "4"]
[White "MiroslavR"]
[Black "DTK"]
[Result "1/2-1/2"]
[WhiteElo "2003"]
[BlackElo "1958"]
[TimeControl "2700+45"]

1. e4 e6 2. d4 d5 3. Nc3 Nf6 4. e5 Nfd7 5. f4 c5 6. Nf3 Nc6 7. Be3 Be7 8. Qd2
cxd4 9. Nxd4 Nc5 10. Be2 Bd7 11. O-O a6 12. a3 O-O 13. Rf3 f6 14. exf6 Rxf6 15.
Nxc6 bxc6 16. Bd4 Rf7 17. Qe3 Nb7 18. Na4 c5 19. Nxc5 Nxc5 20. Bxc5 Bxc5 21.
Qxc5 Rc8 22. Qb4 Rb8 23. Qd4 Qb6 24. Qxb6 Rxb6 25. b3 Bb5 26. Bxb5 axb5 27. a4
bxa4 28. Rxa4 Rc7 29. Rf2 Rbc6 30. Ra2 Rc3 31. Kf1 Kf7 32. Ke1 Kf6 33. Kd2 h5
34. Rf3 Rxf3 35. gxf3 Kf5 36. Ra4 g6 37. Kd3 g5 38. fxg5 Kxg5 39. c4 dxc4+ 40.
Rxc4 Rb7 41. b4 Kf5 42. Ke3 e5 43. Re4 Ra7 44. b5 Ra3+ 45. Kf2 Rb3 46. Kg3 Rxb5
47. Rh4 Kg5 48. Re4 {Game drawn by mutual agreement} 1/2-1/2

[Event "Team 45 45 League T27"]
[Site "Internet Chess Club"]
[Date "2005.07.12"]
[Round "4"]
[White "Beetlejuice"]
[Black "Squaredance"]
[Result "0-1"]
[WhiteElo "1909"]
[BlackElo "1970"]
[TimeControl "2700+45"]

1. d4 d5 2. Nf3 c6 3. c4 Nf6 4. Nc3 a6 5. c5 Bf5 6. a3 Nbd7 7. Bf4 Nh5 8. Bg3
Nxg3 9. hxg3 e5 10. e3 e4 11. Nd2 g6 12. Be2 Bg7 13. Rc1 Qc7 14. Na4 h5 15. Nb3
Bh6 16. g4 hxg4 17. Bxg4 O-O-O 18. Kd2 Bxg4 19. Qxg4 Kb8 20. Qe2 f5 21. g3 g5
22. Kc2 f4 23. gxf4 gxf4 24. Rcg1 f3 25. Qf1 Rdf8 26. Rg6 Rf6 27. Qg1 Qd8 28.
Qg4 Rxg6 29. Qxg6 Qf6 30. Qg4 Qg7 31. Qxg7 Bxg7 32. Rxh8+ Bxh8 33. Kd2 Nf6 34.
Ke1 Ng4 35. Nc3 Bf6 36. Nd1 Kc7 37. Nc3 Bh4 38. Nd1 b6 39. cxb6+ Kxb6 40. a4
Bxf2+ 41. Nxf2 Nxe3 42. Kd2 Nc4+ 43. Ke1 Nxb2 44. Ng4 Nxa4 45. Ne3 Kb5 46. Kd2
Nb2 47. Nc2 Nc4+ 48. Ke1 e3 49. Nc5 a5 50. Kd1 a4 51. Ke1 a3 52. Kd1 a2 53. Nb3
Nb2+ 54. Ke1 Nd3+ 55. Kd1 e2+ 56. Kd2 e1=Q+ 57. Nxe1 Nxe1 58. Kxe1 Kb4 {White
resigns} 0-1

[Event "Team 45 45 League T27"]
[Site "Internet Chess Club"]
[Date "2005.07.10"]
[Round "4"]
[White "tourettes"]
[Black "camembert"]
[Result "0-1"]
[WhiteElo "1813"]
[BlackElo "1816"]
[TimeControl "2700+45"]

1. e4 e5 2. Nf3 Nc6 3. Bb5 a6 4. Ba4 Nf6 5. d3 d6 6. c3 g6 7. O-O Bg7 8. h3 O-O
9. Be3 b5 10. Bb3 d5 11. exd5 Nxd5 12. Bg5 Qd7 13. Qd2 Bb7 14. Bh6 Rad8 15. Bxg7
Kxg7 16. Re1 Rfe8 17. d4 Nf4 18. dxe5 Nxh3+ 19. Kf1 Qg4 20. Nh2 Qh4 21. Qe3 Nf4
22. Qg3 Qxg3 23. fxg3 Nd3 24. Re2 Rxe5 25. Rxe5 Ncxe5 26. a4 Nxb2 27. axb5 axb5
28. Ra5 c6 29. Nf3 Nxf3 30. gxf3 Ra8 31. Rxa8 Bxa8 32. Ke2 c5 33. Na3 Bc6 34. f4
Na4 35. c4 Nc3+ 36. Kd3 b4 37. Nc2 Ne4 38. Ne3 Nxg3 39. Nd5 h5 40. Bd1 Nf5 41.
Nc7 Nd4 42. Na6 Ne6 43. Nb8 Bb7 44. Ke3 Nd4 45. Nd7 b3 46. Kd2 b2 47. Bc2 Nxc2
48. Kxc2 Be4+ 49. Kxb2 h4 50. Nxc5 Bf5 {White resigns} 0-1

[Event "Team 45 45 League T27"]
[Site "Internet Chess Club"]
[Date "2005.07.08"]
[Round "4"]
[White "DeLaSalle"]
[Black "SonnyBlack"]
[Result "0-1"]
[WhiteElo "2004"]
[BlackElo "2017"]
[TimeControl "2700+45"]

1. d4 Nf6 2. Nf3 e6 3. e3 c5 4. Bd3 b6 5. O-O Bb7 6. b3 Be7 7. Bb2 O-O 8. Nbd2
cxd4 9. exd4 d6 10. c4 Nbd7 11. Qe2 Re8 12. Ne4 Nxe4 13. Bxe4 Bxe4 14. Qxe4 d5
15. Qe2 Nf6 16. Ne5 Rc8 17. Rac1 Bd6 18. Rfe1 a5 19. Ng4 Nxg4 20. Qxg4 Bb4 21.
Red1 a4 22. Rc2 Ra8 23. Bc1 axb3 24. axb3 Ra1 25. g3 Qa8 26. h3 Rb1 27. Bb2 Qa2
28. Rcc1 Rxb2 29. Qf4 Bd2 30. Rxd2 Rxd2 31. cxd5 exd5 32. Rc7 Rd1+ 33. Kg2 Rf8
34. Rb7 Qb1 35. h4 Qxb3 36. Rb8 Qb4 37. Qc7 h6 38. Rxb6 Qxd4 39. Rb8 Qe4+ 40. f3
Rd2+ 41. Kh3 Qf5+ {White resigns} 0-1

[Event "Team 45 45 League T27"]
[Site "Internet Chess Club"]
[Date "2005.07.10"]
[Round "4"]
[White "LeifEricson"]
[Black "rss"]
[Result "1/2-1/2"]
[WhiteElo "1878"]
[BlackElo "1818"]
[TimeControl "2700+45"]

1. f4 d5 2. Nf3 c5 3. g3 Nc6 4. Bg2 g6 5. c3 Bg7 6. d3 e6 7. Qc2 Nge7 8. e4 dxe4
9. dxe4 O-O 10. Be3 b6 11. Nbd2 Qc7 12. O-O Ba6 13. Rf2 Rad8 14. Re1 Rd7 15. Nh4
f5 16. h3 Bf6 17. Nhf3 Bd3 18. Qa4 fxe4 19. Nxe4 b5 20. Nxf6+ Rxf6 21. Qa3 Nf5
22. Kh2 Nxe3 23. Rxe3 c4 24. Ng5 Qb6 25. Rxe6 Rxe6 26. Nxe6 b4 27. Qa4 Rd6 28.
Nd4 Nxd4 29. Qe8+ Kg7 30. Qe7+ Kg8 31. Qe8+ Kg7 {Game drawn by mutual agreement}
1/2-1/2

[Event "Team 45 45 League T27"]
[Site "Internet Chess Club"]
[Date "2005.07.09"]
[Round "4"]
[White "ARONOVICH"]
[Black "Mikey29a"]
[Result "0-1"]
[WhiteElo "1717"]
[BlackElo "1664"]
[TimeControl "2700+45"]

1. e4 c5 2. Nf3 Nc6 3. d4 cxd4 4. Nxd4 Nf6 5. Nc3 e5 6. Ndb5 d6 7. Bg5 a6 8.
Bxf6 gxf6 9. Na3 b5 10. Nd5 Bg7 11. c3 Be6 12. Bd3 f5 13. Qh5 f4 14. O-O Ne7 15.
c4 Bxd5 16. cxd5 O-O 17. Nc2 f5 18. Ne1 Qe8 19. Qe2 Qg6 20. Nf3 Qg4 21. Rac1
Nxd5 22. exd5 e4 23. Bxe4 Rae8 24. Qd2 fxe4 25. Nd4 f3 26. Nxf3 exf3 {White
resigns} 0-1